 Dungeon Crawl Stone Soup version 0.19-a0-585-ge40200b (webtiles) character file.

84 Foomius the Grave Robber (level 4, -1/33 HPs)
             Began as a Demonspawn Necromancer on June 9, 2016.
             Succumbed to Terence's poison
             ... on level 2 of the Dungeon.
             The game lasted 00:10:08 (1953 turns).

Foomius the Grave Robber (Demonspawn Necromancer)   Turns: 1953, Time: 00:10:08

Health: -1/33      AC:  6    Str:  9    XL:     4   Next: 23%
Magic:  2/8        EV: 17    Int: 22    God:
Gold:   67         SH:  0    Dex: 18    Spells: 3 memorised, 1 level left

rFire  . . .     SeeInvis .     o - +0 short sword
rCold  + . .     Gourm    .     i - +2 leather armour {rN+}
rNeg   + . .     Faith    .     (no shield)
rPois  .         Spirit   .     j - +0 helmet
rElec  .         Dismiss  .     (no cloak)
rCorr  .         Reflect  .     (no gloves)
SustAt .         Harm     .     (no boots)
MR     .....                    (no amulet)
Stlth  ++++......               (no ring)
                                (no ring)

@: brilliant, agile, lethally poisoned (-1 -> -33), flying, very slightly
contaminated, invisible, not resistant to hostile enchantments, stealthy
A: cold resistance 1, nightstalker 1
a: no special abilities


You were on level 2 of the Dungeon.
You were hungry.

You visited 1 branch of the dungeon, and saw 2 of its levels.

You collected 67 gold pieces.

Inventory:

Hand Weapons
 g - a +0 dagger
 o - a +0 short sword (weapon)
Missiles
 f - 112 stones (quivered)
 q - 6 curare-tipped needles
Armour
 i - a +2 leather armour of positive energy (worn)
 j - a +0 helmet (worn)
Scrolls
 d - 3 scrolls of identify {unknown}
 h - a scroll of remove curse {unknown}
 k - 3 scrolls of teleportation {unknown}
 m - a scroll of fog {unknown}
 n - a scroll of immolation {unknown}
 t - a scroll of random uselessness {unknown}
Potions
 l - a potion of agility
Books
 b - a book of Necromancy

   Spells                             Type                      Level
   a - Pain                           Necromancy                   1
   b - Animate Skeleton               Necromancy                   1
   c - Vampiric Draining              Necromancy                   3
   d - Regeneration                   Charms/Necromancy            3
   e - Animate Dead                   Necromancy                   4
   f - Control Undead                 Necromancy                   4
Comestibles
 c - a bread ration
 p - 4 chunks of flesh


   Skills:
 + Level 1.7 Fighting
 + Level 2.2 Dodging
 - Level 1.7 Stealth
 - Level 2.7 Spellcasting
 + Level 5.1 Necromancy


You had one spell level left.
You knew the following spells:

 Your Spells              Type           Power        Failure   Level  Hunger
a - Pain                  Necr           ####         1%          1    None
g - Regeneration          Chrm/Necr      ####......   2%          3    ###....
v - Vampiric Draining     Necr           #####.....   1%          3    ###....


Dungeon Overview and Level Annotations

Branches:
Dungeon (2/15)

Altars:

Annotations:
D:2 Terence


Innate Abilities, Weirdness & Mutations

Your flesh is cold resistant. (rC+)
You are slightly more attuned to the shadows.


Message History

You closely miss Terence.
Terence is heavily wounded.
You feel sick.
Terence hits you with a short sword of venom.
You are more poisoned.
It was a potion of flight.
You feel very buoyant.
You fly up into the air.
* * * LOW HITPOINT WARNING * * *
You feel sick. Terence misses you.
It was a potion of brilliance.
You feel clever all of a sudden.
* * * LOW HITPOINT WARNING * * *
You feel sick.
Terence hits you with a short sword of venom.
* * * LOW HITPOINT WARNING * * *
You are more poisoned.
* * * LOW HITPOINT WARNING * * *
You feel very sick.
You die...

#.# ###.###########.#
#.# #.# #.# #.# #.#
#.######.# #.# #.###
#........###########.##
#....
########.........##.#.##
#.###
#.........#.###.###.###
########...## ##......#
##..##.###.#.#.#.#
##@#.###.#.........
##.##.####.###.#.#.#
####@##...# ### #......
#.........# ###.#..
#(.####...# #.#). #.##
##### #.#.. #.# #.#..
#.# #.### #.# ### #.# #


You could see Terence (wandering).

Vanquished Creatures
  Ijyb (D:2)
  A gnoll (D:1)
  An ooze (D:1)
  2 dart slugs (D:1)
  A giant gecko (D:1)
  3 bats
  2 giant cockroaches
  6 goblins (D:1)
  6 hobgoblins
  5 kobolds
  2 giant newts (D:1)
  10 rats
40 creatures vanquished.

Notes
Turn   | Place    | Note
--------------------------------------------------------------
     0 | D:1      | Foomius the Demonspawn Necromancer began the quest for the Orb.
     0 | D:1      | Reached XP level 1. HP: 13/13 MP: 3/3
   129 | D:1      | Gained mutation: Your flesh is cold resistant. (rC+) [demonic ancestry]
   129 | D:1      | Reached XP level 2. HP: 7/19 MP: 1/5
   631 | D:1      | Reached XP level 3. HP: 23/24 MP: 5/7
   636 | D:1      | Learned a level 3 spell: Vampiric Draining
   640 | D:1      | Learned a level 3 spell: Regeneration
   644 | D:1      | Reached skill level 5 in Necromancy
  1417 | D:2      | Reached skill level 1 in Fighting
  1500 | D:2      | Noticed Ijyb
  1575 | D:2      | Killed Ijyb
  1575 | D:2      | Gained mutation: You are slightly more attuned to the shadows. [demonic ancestry]
  1575 | D:2      | Reached XP level 4. HP: 23/32 MP: 5/8
  1907 | D:2      | Noticed Terence
  1952 | D:2      | HP: 1/33 [poisoned by Terence]
  1953 | D:2      | Succumbed to Terence's poison

Vault maps used:
D:1:      eino_arrival_water_cross, minmay_misc_feat_alley, minmay_misc_feat_x,
          minmay_cupped
D:2:      kennysheep_goblin_castle, uniq_terence, uniq_iyjb

Skill      XL: |  1  2  3 |
---------------+----------+-----
Necromancy     | 5 |  5.1
Dodging        | 2 |  2.2
Fighting       | 1 |  1.7
Stealth        | |  1.7
Spellcasting   | |  2.7

Action                   |  1- 3 |  4- 6 || total
-------------------------+-------+-------++-------
Melee: Dagger            |    19 |       ||    19
       Short sword       |    63 |    20 ||    83
Throw: Stone             |    21 |       ||    21
 Cast: Pain              |    37 |     3 ||    40
       Vampiric Draining |     5 |     2 ||     7
  Use: Potion            |       |     5 ||     5
 Stab: Sleeping          |     1 |     3 ||     4
  Eat: Chunk             |     1 |     1 ||     2
       Beef jerky        |     1 |       ||     1
Armor: Robe              |     1 |       ||     1
       Leather armour    |    14 |     4 ||    18
Dodge: Dodged            |    56 |    20 ||    76
